 Dungeon Crawl Stone Soup version 0.17.2-1-ge4368a0 (webtiles) character file.

28 Goblin1989 the Sneak (level 3, 0/18 HPs)
             Began as a Vine Stalker Assassin on Sept 8, 2016.
             Slain by a kobold (1 damage)
             ... on level 2 of the Dungeon.
             The game lasted 00:04:02 (573 turns).

Goblin1989 the Sneak (Vine Stalker Assassin)         Turns: 573, Time: 00:04:03

Health: 0/18       AC:  3    Str: 13    XL:     3   Next: 12%
Magic:  0/4        EV: 11    Int: 11    God:
Gold:   31         SH:  0    Dex: 16    Spells: 0 memorised, 2 levels left

rFire  . . .     SeeInvis .     a - +2 dagger
rCold  . . .     Clarity  .     c - +0 robe
rNeg   . . .     SustAt   .     (no shield)
rPois  .         Gourm    .     (no helmet)
rElec  .         Spirit   +     d - +0 cloak
rCorr  .         Warding  .     (no gloves)
rMut   .         Stasis   .     (no boots)
MR     .....                    (no amulet)
Stlth  +++.......               (no ring)
                                (no ring)

@: not resistant to hostile enchantments, fairly stealthy
A: fangs 2, regeneration 1, magic shield, antimagic bite, no device heal 3, rot
immunity
a: no special abilities


You were on level 2 of the Dungeon.
You were not hungry.

You visited 1 branch of the dungeon, and saw 2 of its levels.

You collected 31 gold pieces.

Inventory:

Hand Weapons
 a - a +2 dagger (weapon)
 b - a +0 blowgun
Missiles
 e - 22 poisoned needles
 f - 2 curare-tipped needles
Armour
 c - a +0 robe (worn)
 d - a +0 cloak (worn)
Jewellery
 k - an uncursed ring of fire
Scrolls
 j - 2 scrolls of identify {unknown}
Potions
 l - a potion of mutation {unknown}
 m - a potion of heal wounds {unknown}
Comestibles
 g - 2 bread rations
 h - 2 slices of pizza
 i - a beef jerky
 n - a meat ration


   Skills:
 - Level 1.7 Fighting
 * Level 2.8 Short Blades
 - Level 1.7 Throwing
 - Level 0.7 Dodging
 + Level 5.3 Stealth


You had 2 spell levels left.
You didn't know any spells.

Dungeon Overview and Level Annotations

Branches:
Dungeon (2/15)

Altars:
Xom
Zin
The Shining One


Innate Abilities, Weirdness & Mutations

You have extremely sharp teeth.
Your natural rate of healing is unusually fast.
When hurt, damage is shared between your health and your magic reserves.
Your bite disrupts and absorbs the magic of your enemies.
Potions and wands cannot restore your health.
You are immune to rotting.


Message History

You barely miss the worm.
The worm is severely wounded.
The kobold hits you. The worm bites you.
You are too injured to fight recklessly!
You are too injured to fight recklessly!
You are too injured to fight recklessly!
You take 11 damage, and have 7/18 hp.
MASSIVE DAMAGE!!
You now have 3/4 mp.
The kobold throws a stone.
The stone hits you but does no damage.
You see here a stone.
The worm bites you!
* * * LOW HITPOINT WARNING * * *
The kobold barely misses you.
You see here a bat corpse.
You take 6 damage, and have 1/18 hp.
MASSIVE DAMAGE!!
You now have 0/4 mp.
The kobold hits you.
You die...

.....#..#..#..#_#..###.#.#
...#....#..#)..#..######.#
.#.#.#..#..#)............#
.#.#.#..#...#.##.#########
.#...#..#.#)#.##.# #####
.#####..#........# ##....
........####..######.#.#.#.##
.#####..# #....Kw..(.......#
......#.# #(..#@#.#.w.....##
.####.#.# #.#.#(#....>.....#
.####.#.####..(..#.#.......##
.....†........#..#...........
####.............#.#.......#.
#.........#...#........(..
#.........#...#.#.#.#.#.#.
#.........#...#
#.........#...#


You could see a worm and a kobold.

Vanquished Creatures
  An adder (D:2)
  A goblin (D:2)
  5 hobgoblins (D:2)
  3 kobolds (D:2)
  A ball python (D:2)
  4 bats
  A giant newt (D:2)
  3 rats (D:2)
19 creatures vanquished.

Notes
Turn   | Place    | Note
--------------------------------------------------------------
     0 | D:1      | Goblin1989 the Vine Stalker Assassin began the quest for the Orb.
     0 | D:1      | Reached XP level 1. HP: 11/11 MP: 2/2
    75 | D:2      | Reached skill level 5 in Stealth
    75 | D:2      | Reached XP level 2. HP: 12/15 MP: 3/3
   285 | D:2      | Found a glowing golden altar of the Shining One.
   358 | D:2      | Found a faded altar to an unknown god.
   366 | D:2      | Reached XP level 3. HP: 15/18 MP: 4/4
   372 | D:2      | Noticed an angel
   464 | D:2      | Found a shimmering altar of Xom.
   466 | D:2      | Found a glowing silver altar of Zin.
   573 | D:2      | Slain by a kobold

Action                   || total
-------------------------++-------
Melee: Dagger            ||    53
 Stab: Sleeping          ||     5
